Map: Ascension to Aiur LE

Players

JimRising - Winner!

  • Race: Zerg Zerg
  • League: Grandmaster
  • Spawn Location: 5:00

DisK

  • Race: Protoss Protoss
  • League: Master
  • Spawn Location: 11:00

VOD

Have the link to the VOD?

Description

Time

  • Played on: Dec. 30, 2017, 7:16 p.m.
  • Length: 11:35
Show
View Real Time Build Order
Export as new Build Order

JimRising Zerg - Winner!

Build Orders: Hatch First 

Get SALT Encoding   

  12  0:01  Drone  
  13  0:13  Overlord  
  13  0:17  Drone  
  14  0:32  Drone x2  
  16  0:37  Drone  
  17  0:52  Hatchery  
  17  0:56  Drone  
  17  1:00  Drone  
  17  1:03  Extractor  
  17  1:08  Drone  
  18  1:19  Spawning Pool  
  18  1:22  Drone  
  18  1:29  Drone  
  19  1:39  Overlord  
  19  1:50  Drone  
  20  2:04  Drone x2  
  20  2:07  Queen x2  
  26  2:12  Metabolic Boost  
  26  2:16  Zergling x2  
  26  2:19  Zergling x2  
  26  2:22  Drone  
  29  2:25  Drone  
  30  2:33  Drone  
  31  2:38  Drone  
  32  2:44  Drone  
  32  2:48  Hatchery  
  32  2:53  Drone  
  32  2:58  Overlord  
  33  3:00  Drone  
  33  3:05  Queen  
  36  3:17  Queen  
  38  3:21  Drone x2  
  38  3:22  Drone x3  
  43  3:27  Drone, Spore Crawler  
  43  3:30  Drone  
  44  3:37  Overlord  
  44  3:38  Overlord  
  44  3:43  Spore Crawler  
  43  3:51  Drone  
  44  3:56  Evolution Chamber  
  44  3:57  Drone x2  
  44  3:58  Drone  
  44  3:59  Drone x3  
  49  4:04  Drone  
  49  4:06  Drone  
  51  4:14  Overlord  
  51  4:19  Extractor  
  51  4:20  Drone  
  51  4:21  Drone x4  
  55  4:27  Drone x5  
  55  4:28  Zerg Melee Weapons Level 1  
  60  4:37  Overlord  
  60  4:38  Baneling Nest  
  60  4:39  Drone x2  
  60  4:45  Spore Crawler  
  58  4:47  Zergling x6  
  58  4:49  Drone  
  58  4:50  Drone x2  
  63  4:54  Drone x2  
  63  4:56  Baneling Nest  
  64  5:11  Drone  
  65  5:15  Drone x2  
  65  5:16  Drone x4, Hatchery, Extractor  
  65  5:17  Drone  
  70  5:27  Zergling x8, Hatchery  
  73  5:29  Overlord  
  73  5:31  Overlord  
  73  5:43  Spore Crawler  
  73  5:45  Spore Crawler  
  72  5:53  Zergling x2  
  72  5:54  Zergling x26  
  86  6:00  Zergling x8  
  90  6:05  Overlord  
  90  6:07  Overlord  
  90  6:09  Overlord  
  89  6:16  Baneling x8  
  89  6:17  Baneling x7  
  89  6:19  Lair  
  89  6:22  Overlord x2, Zerg Missile Weapons Level 1  
  89  6:29  Drone x6  
  89  6:30  Drone  
  86  6:52  Zergling x2  
  86  6:53  Zergling x26  
  99  6:59  Zergling x6  
  95  7:01  Drone x2  
  95  7:03  Roach Warren, Extractor  
  95  7:07  Zergling x10  
  93  7:16  Extractor  
  93  7:17  Drone x3  
  93  7:18  Drone x2, Hydralisk Den  
  93  7:19  Drone  
  97  7:24  Zergling x10  
  93  7:50  Hydralisk  
  93  7:51  Hydralisk x15  
  91  7:58  Drone x2  
  122  8:00  Overseer, Extractor  
  122  8:02  Baneling x5  
  119  8:05  Drone x2  
  119  8:06  Drone, Zergling x2  
  119  8:07  Zergling x8  
  119  8:12  Drone x3, Hydralisk x2  
  131  8:15  Baneling x3  
  133  8:21  Hydralisk  
  133  8:24  Zergling x8  
  139  8:29  Hydralisk x2  
  139  8:33  Zergling x6  
  138  8:39  Hydralisk x2  
  138  8:41  Zergling x2  
  137  8:53  Zergling x2, Muscular Augments  
  137  8:54  Overlord x2, Zergling x8  
  140  8:57  Hydralisk  
  140  8:59  Overlord x2  
  140  9:00  Zerg Missile Weapons Level 2  
  141  9:09  Overlord x2  
  141  9:15  Baneling x13  
  140  9:17  Drone x4  
  140  9:19  Drone x3, Extractor  
  140  9:20  Drone x2, Extractor  
  140  9:21  Drone, Overlord  
  143  9:29  Hydralisk x4  
  143  9:30  Hydralisk  
  149  9:31  Zergling x4  
  149  9:32  Zergling x2  
  152  9:44  Hydralisk x2  
  156  9:47  Centrifical Hooks  
  156  9:48  Zergling x2  
  156  9:52  Hydralisk  
  157  9:53  Hydralisk  
  157  9:59  Hydralisk x3  
  164  10:02  Zergling x4  
  164  10:03  Hatchery  
  161  10:13  Hydralisk x6  
  166  10:28  Hydralisk x3  
  166  10:29  Hydralisk  
  166  10:30  Overlord x2, Zergling x2  
  171  10:45  Zergling x6  
  171  10:46  Overlord x3  
  171  10:48  Queen  
  176  10:51  Drone x2  
  176  10:52  Hydralisk x3, Lurker Den  
  176  10:53  Zergling x6  
  176  10:55  Drone  
  176  10:56  Drone, Evolution Chamber  
  187  11:05  Zergling x2  
  187  11:06  Zergling x18  
Show
View Real Time Build Order
Export as new Build Order

DisK Protoss 

Build Orders: 1 Gate Expand, Oracle Opening, Zealot Archon 

Get SALT Encoding   

  12  0:00  Probe  
  13  0:12  Probe  
  14  0:18  Pylon  
  14  0:24  Probe  
  15  0:36  Probe (Chrono Boost)  
  15  0:40  Gateway  
  16  0:46  Probe (Chrono Boost)  
  16  0:49  Assimilator  
  17  0:51  Probe  
  18  1:05  Probe  
  19  1:23  Nexus  
  19  1:34  Cybernetics Core  
  19  1:38  Probe  
  20  1:44  Assimilator  
  20  1:50  Probe (Chrono Boost)  
  21  1:55  Pylon  
  22  2:02  Probe (Chrono Boost)  
  22  2:07  Probe (Chrono Boost)  
  23  2:11  Warp Gate, Adept (Chrono Boost)  
  25  2:16  Probe  
  26  2:27  Stargate  
  26  2:29  Probe  
  27  2:35  Probe (Chrono Boost)  
  28  2:39  Adept  
  31  2:47  Probe x2 (Chrono Boost)  
  32  2:54  Probe (Chrono Boost)  
  32  2:56  Probe (Chrono Boost)  
  34  3:01  Probe  
  35  3:06  Probe  
  35  3:08  Oracle (Chrono Boost)  
  39  3:13  Probe  
  39  3:18  Probe  
  41  3:22  Gateway  
  41  3:25  Gateway  
  41  3:27  Probe  
  42  3:30  Probe  
  42  3:33  Pylon  
  43  3:38  Oracle  
  46  3:48  Assimilator  
  46  3:49  Assimilator  
  46  3:51  Probe x2  
  48  4:03  Probe x2, Pylon  
  50  4:15  Probe x2, Phoenix  
  54  4:21  Nexus  
  54  4:25  Pylon  
  54  4:27  Probe, Pylon  
  55  4:36  Robotics Facility  
  55  4:39  Twilight Council  
  56  4:45  Probe x2  
  57  4:57  Probe  
  57  4:58  Probe  
  59  5:00  Zealot  
  61  5:10  Probe x2  
  61  5:12  Gateway  
  61  5:13  Gateway  
  63  5:15  Pylon  
  63  5:20  Warp Prism (Chrono Boost)  
  63  5:22  Probe x2  
  63  5:24  Templar Archives  
  67  5:33  Charge (Chrono Boost)  
  67  5:34  Probe  
  68  5:36  Gateway x2  
  68  5:39  Probe x2  
  70  5:48  Probe (Chrono Boost)  
  71  5:51  Probe (Chrono Boost)  
  71  5:55  Assimilator x2  
  70  5:58  Probe (Chrono Boost)  
  70  6:00  Probe (Chrono Boost)  
  70  6:02  Pylon  
  70  6:03  Probe (Chrono Boost)  
  72  6:07  Probe (Chrono Boost)  
  72  6:08  High Templar x3  
  72  6:09  High Templar  
  81  6:12  Archon x2  
  81  6:13  Probe x2  
  83  6:20  Shield Battery  
  83  6:24  Gateway  
  83  6:26  Gateway  
  83  6:28  Pylon  
  83  6:29  High Templar  
  83  6:31  Pylon  
  83  6:32  Pylon  
  85  6:34  Sentry, Pylon  
  83  6:43  Zealot x5  
  91  6:48  Probe  
  79  7:09  High Templar x2, Zealot x2  
  79  7:10  Probe, Zealot x2  
  92  7:18  Cybernetics Core  
  92  7:23  Probe x2 (Chrono Boost)  
  92  7:24  Probe (Chrono Boost)  
  95  7:31  Zealot x3  
  95  7:35  Probe x3 (Chrono Boost)  
  95  7:36  Archon  
  101  7:39  Zealot  
  101  7:42  Zealot  
  105  7:47  Probe  
  102  7:55  Probe  
  103  7:59  Probe  
  103  8:04  Nexus  
  104  8:21  Gateway  
  104  8:22  Zealot x3  
  104  8:23  Zealot  
  112  8:28  Zealot  
  91  8:49  High Templar x6  
  97  8:58  Archon x3  
  97  8:59  Probe x2 (Chrono Boost)  
  99  9:07  High Templar  
  99  9:09  Probe x2 (Chrono Boost)  
  103  9:10  Forge  
  103  9:17  Zealot  
  103  9:37  Sentry, Zealot x3  
  111  9:40  Probe x3  
  114  9:51  Zealot x4  
  114  9:52  Probe x3  
  121  10:13  Probe x3  
  118  10:25  High Templar x4  
  88  10:45  Immortal (Chrono Boost)  
  88  10:46  High Templar x5  
  100  10:52  Archon x2  
  100  10:53  Nexus  
  100  10:54  Pylon  
  100  10:56  Pylon  
  100  11:00  High Templar  
  102  11:06  Zealot x3  
  102  11:07  Archon  
  108  11:19  Archon x2  
Tags
 
Add a new tag
Caveats
  • Supply blocks, unpowered buildings, or Contaminate may cause inaccurate times.
  • Supply counts are checked every 10 seconds.